 Dungeon Crawl Stone Soup version 0.28-b1-70-g80dc712255 (webtiles) character file.

Game seed: 6277018263396251372

97 cbfl8 the Sneak (level 4, -3/40 HPs)
             Began as a Minotaur Delver on Feb 4, 2022.
             Slain by Duvessa (14 damage)
             ... on level 4 of the Dungeon.
             The game lasted 00:01:05 (559 turns).

cbfl8 the Sneak (Minotaur Delver)                    Turns: 559, Time: 00:01:05

Health: -3/40      AC:  5    Str: 19    XL:     4   Next: 42%
Magic:  3/3        EV: 12    Int:  7    God:
Gold:   40         SH:  0    Dex: 11    Spells: 3/3 levels left

rFire   . . .      SeeInvis .   a - +0 hand axe
rCold   . . .      Faith    .   (no shield)
rNeg    . . .      Spirit   .   b - +0 leather armour
rPois   .          Reflect  .   k - +2 hat
rElec   .          Harm     .   (no cloak)
rCorr   .          Rampage  .   (no gloves)
Will    .....                   (no boots)
Stlth   +++.......              (no amulet)
HPRegen 0.13/turn               (no ring)
MPRegen 0.08/turn               (no ring)

@: no status effects
A: horns 2, retaliatory headbutt
a: no special abilities


You were on level 4 of the Dungeon.
You visited 1 branch of the dungeon, and saw 2 of its levels.

You collected 40 gold pieces.

Inventory:

Hand Weapons
 a - a +0 hand axe (weapon)
Armour
 b - a +0 leather armour (worn)
 k - a +2 hat (worn)
Wands
 g - a wand of digging (3)
 h - a wand of iceblast (10)
Scrolls
 c - a scroll of fog
 d - a scroll of magic mapping
 e - a scroll of fear
 i - a scroll of enchant weapon {unknown}
 j - a scroll of identify {unknown}
Potions
 f - 2 potions of haste
 l - a potion of brilliance {unknown}


   Skills:
 + Level 4.1 Fighting
 + Level 2.9 Axes
 + Level 0.8 Armour
 + Level 2.3 Dodging
 + Level 5.2 Stealth


You had 3 spell levels left.
You didn't know any spells.
Your spell library was empty.

Dungeon Overview and Level Annotations

Branches:
Dungeon (5/15)
 Temple: D:4-7

Altars:

Annotations:
D:4 Dowan, Duvessa


Innate Abilities, Weirdness & Mutations

You have a pair of horns on your head.
You reflexively headbutt those who attack you in melee.


Message History

The iguana is almost dead.
The iguana closely misses you.
You hit the iguana but do no damage.
The iguana is almost dead.
The iguana bites you.
You hit the iguana but do no damage. Your headbutt misses the iguana.
The iguana is almost dead.
The iguana bites you but does no damage. x2
You closely miss the iguana.
The iguana is almost dead.
The iguana closely misses you.
You barely miss the iguana.
The iguana is almost dead.
The iguana bites you but does no damage.
You hit the iguana. Your headbutt misses the iguana.
The iguana is almost dead.
The iguana closely misses you. You furiously retaliate!
You headbutt the iguana.
You kill the iguana!
Found a stone staircase leading down.
Duvessa and Dowan come into view.
Duvessa shouts!
Dowan shouts!
Dowan casts a spell at Duvessa.
Duvessa seems to speed up.
Duvessa hits you with a +0 rapier. Duvessa hits you with a +0 rapier.
There is a stone staircase leading down here.
You hit Duvessa but do no damage. You headbutt Duvessa.
Duvessa is lightly wounded.
Duvessa hits you with a +0 rapier!
You slash Duvessa!
Duvessa is moderately wounded.
Duvessa yells, "You can run, but you cannot escape us forever!"
Duvessa barely misses you. You furiously retaliate!
You headbutt Duvessa, but do no damage.
Dowan points at you and mumbles some strange words.
The puff of flame hits you!
* * * LOW HITPOINT WARNING * * *
Duvessa hits you with a +0 rapier!
You die...

#.#... ##.#### #.##.#
....... #.##.# #.....
#.##.##### #.....
#.##.....# #.....
#.##.....# #.....
#e##.....####.....
#@.e..............
+....##.######.......
###.###.# #....... #.
#e# #....### #. #.#
#....# #. #.# ######
#. #.# #. #.#


You could see Duvessa (fast) and Dowan.

Vanquished Creatures
  A jelly (D:5)
  A hound (D:4)
  An iguana (D:4)
  An adder (D:4)
  A giant cockroach (D:4)
5 creatures vanquished.

Notes
Turn   | Place    | Note
-------+----------+-------------------------------------------
     0 | D:5      | cbfl8 the Minotaur Delver began the quest for the Orb.
     0 | D:5      | Reached XP level 1. HP: 19/19 MP: 0/0
     0 | D:5      | Noticed a quasit
     7 | D:5      | Noticed a quasit
   178 | D:5      | Noticed a jelly
   182 | D:5      | Killed a jelly
   183 | D:5      | Reached XP level 2. HP: 18/27 MP: 1/1
   183 | D:5      | Reached XP level 3. HP: 22/33 MP: 2/2
   485 | D:4      | Reached skill level 5 in Stealth
   489 | D:4      | Reached XP level 4. HP: 36/40 MP: 3/3
   552 | D:4      | Noticed Duvessa
   552 | D:4      | Noticed Dowan
   559 | D:4      | Slain by Duvessa

Illustrated notes

Levels and vault maps discovered:
D:4:      layout_basic, minmay_temple_entry_junction_2, minmay_bisected,
          uniq_duvessa
D:5:      cheibrodos_quashed, layout_loops_corners, kennysheep_mini_moat,
          uniq_ijyb

Skill      XL: |  1  2  3 |
---------------+----------+-----
Fighting       | 4 |  4.1
Stealth        | 5 |  5.2
Axes           | |  2.9
Armour         | |  0.8
Dodging        | |  2.3

Action                   |  1- 3 |  4- 6 || total
-------------------------+-------+-------++-------
Melee: Hand axe          |     8 |    11 ||    19
       Headbutt          |     3 |     5 ||     8
 Stab: Sleeping          |     1 |       ||     1
Armor: Leather armour    |     2 |     3 ||     5
Dodge: Dodged            |    10 |     8 ||    18
